[Event "Mitropa Cup Women 2019"]
[Site "Radenci"]
[Date "2019.05.30"]
[Round "4.9"]
[White "Havanecz, Bianka"]
[Black "Medic, Mirjana"]
[Result "1/2-1/2"]
[ECO "A90"]
[WhiteElo "2279"]
[BlackElo "2253"]
[Annotator "ChessBase"]
[PlyCount "176"]
[EventDate "2019.05.27"]
[EventType "team-tourn"]
[EventCountry "SLO"]
[SourceTitle "playchess.com"]
[Source "ChessBase"]
[SourceQuality "1"]
[WhiteTeam "Hungary"]
[BlackTeam "Croatia"]
[WhiteTeamCountry "HUN"]
[BlackTeamCountry "CRO"]
[TimeControl "40/5400+30:1800+30"]

1. d4 e6 2. c4 f5 3. g3 Nf6 4. Bg2 d5 5. Nf3 c6 6. O-O Bd6 7. Nc3 O-O 8. Qc2 Qe7 9. Rb1 Nbd7 10. Bf4 Ne4 11. c5 Bb8 12. Bxb8 Rxb8 13. b4 e5 14. e3 Nxc3 15. Qxc3 e4 16. Nd2 a6 17. a4 Nf6 18. b5 axb5 19. axb5 Bd7 20. bxc6 bxc6 21. Rb6 Ra8 22. Ra1 Rfc8 23. Nb3 Qe8 24. Rxa8 Rxa8 25. Na5 h6 26. Bf1 Kh7 27. Be2 Ra7 28. Qb4 Ra8 29. Rb7 f4 30. exf4 Bg4 31. Bxg4 Nxg4 32. Qe1 Ra6 33. h3 Nf6 34. Rb2 Qa8 35. Nb3 Ra4 36. Qd2 Qa6 37. Kg2 Qc4 38. f5 Ra3 39. Na5 Qa4 40. Nb7 Rd3 41. Ra2 Qxd4 42. Qb2 Rc3 43. Nd6 Qxc5 44. Nf7 Ng8 45. g4 d4 46. Qb7 Qb5 47. Qxb5 cxb5 48. Nd6 d3 49. Nxe4 Rc4 50. Kf3 Nf6 51. Nxf6+ gxf6 52. Ke3 Rb4 53. Rd2 h5 54. f4 hxg4 55. hxg4 Rb1 56. g5 fxg5 57. fxg5 Kg7 58. Rxd3 Re1+ 59. Kf4 Rf1+ 60. Rf3 Rg1 61. Rc3 Rf1+ 62. Ke5 Re1+ 63. Kd4 Rd1+ 64. Ke3 Re1+ 65. Kf4 Rf1+ 66. Rf3 Rb1 67. Ke4 Rg1 68. f6+ Kf7 69. Rf5 b4 70. Kd3 Rg3+ 71. Kc2 Rc3+ 72. Kb2 Rg3 73. Rc5 Kg6 74. Rb5 Rf3 75. Kc2 Rg3 76. Kd2 b3 77. Kc1 Rg2 78. Kb1 Rf2 79. Kc1 Rc2+ 80. Kb1 Rf2 81. Rc5 Rg2 82. Rd5 Rf2 83. Rb5 Rg2 84. Rxb3 Rxg5 85. Rf3 Kf7 86. Kc2 Rg6 87. Kd3 Rxf6 88. Rxf6+ Kxf6 1/2-1/2

[Event "Mitropa Cup Women 2019"]
[Site "Radenci"]
[Date "2019.05.30"]
[Round "4.10"]
[White "Cvitan, Ena"]
[Black "Varga, Klara"]
[Result "1/2-1/2"]
[ECO "E48"]
[WhiteElo "2132"]
[BlackElo "2146"]
[Annotator "ChessBase"]
[PlyCount "176"]
[EventDate "2019.05.27"]
[EventType "team-tourn"]
[EventCountry "SLO"]
[SourceTitle "playchess.com"]
[Source "ChessBase"]
[SourceQuality "1"]
[WhiteTeam "Croatia"]
[BlackTeam "Hungary"]
[WhiteTeamCountry "CRO"]
[BlackTeamCountry "HUN"]
[TimeControl "40/5400+30:1800+30"]

1. d4 Nf6 2. c4 e6 3. Nc3 Bb4 4. e3 O-O 5. Bd3 c5 6. Nge2 d5 7. cxd5 cxd4 8. exd4 Nxd5 9. O-O Nc6 10. Bc2 Re8 11. Be3 Bd6 12. Nxd5 exd5 13. Nf4 Bxf4 14. Bxf4 Qf6 15. Be3 Bf5 16. Bb3 Rad8 17. Qd2 Qg6 18. Kh1 b6 19. Ba4 Re6 20. Bxc6 Rxc6 21. Rac1 Re6 22. Bf4 h5 23. Rfe1 Rde8 24. h3 Qf6 25. Re5 Rxe5 26. dxe5 Qd8 27. Qd4 Qd7 28. Rc3 Rc8 29. Rxc8+ Qxc8 30. Qc3 Qa6 31. Qg3 Qxa2 32. e6 Bxe6 33. Be5 Qb1+ 34. Kh2 Qh7 35. Bd4 Qh6 36. Qb8+ Kh7 37. Qe5 f6 38. Qc7 Qg5 39. Qg3 Qf5 40. Qe3 h4 41. f3 Kg6 42. Kg1 Bd7 43. Qe1 Qf4 44. Qe3 Qc7 45. Qe1 Qf4 46. Qe3 Qg3 47. Qf2 Bb5 48. Qc2+ Kf7 49. Bf2 Qf4 50. Qd1 Ke6 51. Qd4 Qc1+ 52. Kh2 g5 53. Qg4+ f5 54. Qd4 Qc7+ 55. Kg1 Qe5 56. Qb4 Bd7 57. Bd4 Qe2 58. Kh2 g4 59. fxg4 fxg4 60. hxg4 Qxg4 61. Qe1+ Kd6 62. Qe5+ Kc6 63. Qe3 Kb7 64. Qe5 Kc6 65. Qe3 Be6 66. Qc3+ Kb7 67. Qe3 Bf5 68. Qe7+ Bd7 69. Qe5 Qe6 70. Qxe6 Bxe6 71. Kg1 Kc6 72. Kf2 Kb5 73. Ke3 Kc4 74. Bf6 Kb3 75. Kd2 Bf5 76. Kc1 Be4 77. Bxh4 Bxg2 78. Bf2 Kc4 79. Kd2 Be4 80. Bg1 d4 81. b3+ Kd5 82. Bh2 a5 83. Bc7 Kc5 84. Be5 b5 85. Bf6 a4 86. bxa4 bxa4 87. Kc1 Kc4 88. Bxd4 Kxd4 1/2-1/2

[Event "Mitropa Cup Women 2019"]
[Site "Radenci"]
[Date "2019.05.30"]
[Round "4.11"]
[White "Gaal, Zsoka"]
[Black "Blazeka, Mihaela"]
[Result "0-1"]
[ECO "A46"]
[WhiteElo "2044"]
[BlackElo "2118"]
[Annotator "ChessBase"]
[PlyCount "86"]
[EventDate "2019.05.27"]
[EventType "team-tourn"]
[EventCountry "SLO"]
[SourceTitle "playchess.com"]
[Source "ChessBase"]
[SourceQuality "1"]
[WhiteTeam "Hungary"]
[BlackTeam "Croatia"]
[WhiteTeamCountry "HUN"]
[BlackTeamCountry "CRO"]
[TimeControl "40/5400+30:1800+30"]

1. Nf3 Nf6 2. g3 e6 3. Bg2 d5 4. O-O Be7 5. d4 b5 6. a4 b4 7. c4 bxc3 8. Nxc3 Nbd7 9. Rb1 a5 10. Bf4 c6 11. Qc2 Ba6 12. Ne5 Qb6 13. Rfd1 O-O 14. Rbc1 Nxe5 15. Bxe5 Nd7 16. Bf4 f5 17. Qd2 h6 18. Bxh6 gxh6 19. Qxh6 Rf6 20. Qg5+ Kf7 21. Qh5+ Rg6 22. Qh7+ Rg7 23. Qh5+ Kg8 24. Qh6 Nf6 25. Rc2 Bc4 26. b3 Qxb3 27. Qd2 Bb4 28. Rb1 Bxc3 29. Qc1 Qxa4 30. Rxc3 Bb5 31. Qe3 Re8 32. Rcc1 Ng4 33. Qd2 Qa3 34. Rc5 Ree7 35. Qd1 Rc7 36. Bf3 Bc4 37. Qe1 a4 38. Ra1 Qb2 39. e3 Nxf2 40. Rxa4 Nh3+ 41. Kh1 Rh7 42. Rca5 Nf2+ 43. Kg1 Ng4 0-1

[Event "Mitropa Cup Women 2019"]
[Site "Radenci"]
[Date "2019.05.30"]
[Round "4.12"]
[White "Spiranec, Noemi"]
[Black "Kovacs, Judit"]
[Result "1-0"]
[ECO "D23"]
[WhiteElo "2009"]
[BlackElo "2025"]
[Annotator "NA"]
[PlyCount "79"]
[EventDate "2019.05.27"]
[EventType "team-tourn"]
[EventCountry "SLO"]
[SourceTitle "playchess.com"]
[Source "ChessBase"]
[SourceQuality "1"]
[WhiteTeam "Croatia"]
[BlackTeam "Hungary"]
[WhiteTeamCountry "CRO"]
[BlackTeamCountry "HUN"]
[TimeControl "40/5400+30:1800+30"]

1. d4 d5 2. c4 c6 3. Nf3 Nf6 4. Qc2 dxc4 5. Qxc4 Bg4 6. Nbd2 e6 7. g3 Nbd7 8. Bg2 Be7 9. O-O O-O 10. e3 Rc8 11. b4 b5 12. Qb3 a5 13. a3 Qb6 14. Bb2 axb4 15. axb4 Ra8 16. Rfc1 Rfc8 17. Ne1 Nd5 18. Nd3 Be2 19. Nc5 Nxc5 20. dxc5 Qd8 21. Re1 Bh5 22. Nf3 Bxf3 23. Bxf3 Bf6 24. Rxa8 Rxa8 25. e4 Ne7 26. Bxf6 gxf6 27. Rd1 Qc7 28. Qd3 Ng6 29. Be2 Ra4 30. Qd6 Qc8 31. Bh5 Qa8 32. Kg2 Kg7 33. Bxg6 hxg6 34. e5 Rxb4 35. Qe7 fxe5 36. Rd8 Qa2 37. Qf8+ Kf6 38. Rd7 Qe2 39. Rxf7+ Kg5 40. Qe7+ 1-0

[Event "Mitropa Cup Women 2019"]
[Site "Radenci"]
[Date "2019.05.30"]
[Round "4.13"]
[White "Motycakova, Monika"]
[Black "Pychova, Nela"]
[Result "1/2-1/2"]
[ECO "C42"]
[WhiteElo "2150"]
[BlackElo "2174"]
[Annotator "ChessBase"]
[PlyCount "83"]
[EventDate "2019.05.27"]
[EventType "team-tourn"]
[EventCountry "SLO"]
[SourceTitle "playchess.com"]
[Source "ChessBase"]
[SourceQuality "1"]
[WhiteTeam "Slovakia"]
[BlackTeam "Czech Republic"]
[WhiteTeamCountry "SVK"]
[BlackTeamCountry "CZE"]
[TimeControl "40/5400+30:1800+30"]

1. e4 e5 2. Nf3 Nf6 3. Nxe5 d6 4. Nf3 Nxe4 5. d4 d5 6. Bd3 Bf5 7. O-O Be7 8. Re1 O-O 9. c4 Nc6 10. Nc3 Nxc3 11. bxc3 Bxd3 12. Qxd3 dxc4 13. Qxc4 Na5 14. Qb5 c6 15. Qh5 Nc4 16. a4 Bf6 17. Bf4 Nb6 18. Be5 Nd5 19. c4 Bxe5 20. Rxe5 Nf6 21. Qh4 Re8 22. Rae1 Rxe5 23. dxe5 Ne8 24. Qh5 Qe7 25. h3 Rd8 26. Re4 g6 27. Qh6 Qf8 28. Qh4 Rd1+ 29. Kh2 Nc7 30. Qg4 Ne6 31. Nd4 Rxd4 32. Rxd4 Nxd4 33. Qxd4 Qe7 34. f4 b6 35. Qe4 Qe6 36. Qd4 Qe7 37. Qe4 Qd7 38. Kg3 Kf8 39. Qe3 c5 40. a5 Ke7 41. axb6 axb6 42. Qb3 1/2-1/2

[Event "Mitropa Cup Women 2019"]
[Site "Radenci"]
[Date "2019.05.30"]
[Round "4.14"]
[White "Nemcova, Karin"]
[Black "Ferkova, Dominika"]
[Result "1-0"]
[ECO "B17"]
[WhiteElo "1947"]
[BlackElo "2037"]
[Annotator "NA"]
[PlyCount "85"]
[EventDate "2019.05.27"]
[EventType "team-tourn"]
[EventCountry "SLO"]
[SourceTitle "playchess.com"]
[Source "ChessBase"]
[SourceQuality "1"]
[WhiteTeam "Czech Republic"]
[BlackTeam "Slovakia"]
[WhiteTeamCountry "CZE"]
[BlackTeamCountry "SVK"]
[TimeControl "40/5400+30:1800+30"]

1. e4 c6 2. d4 d5 3. Nc3 dxe4 4. Nxe4 Nd7 5. c3 Ngf6 6. Nxf6+ Nxf6 7. Bc4 Bf5 8. Qb3 e6 9. Qxb7 Qc8 10. Ba6 e5 11. dxe5 Nd5 12. Nf3 Bc5 13. Qxc8+ Bxc8 14. Bxc8 Rxc8 15. O-O O-O 16. Rd1 Rfe8 17. c4 Nb6 18. b3 h6 19. Bb2 Red8 20. Nd2 Nd7 21. Ne4 Bb6 22. Rd2 Nf8 23. Rad1 Rxd2 24. Rxd2 Re8 25. Rd6 Ng6 26. c5 Bc7 27. Rxc6 Bxe5 28. Bxe5 Nxe5 29. Rd6 f5 30. Nd2 Nf7 31. Rd5 Re1+ 32. Nf1 Ra1 33. Rd2 Rc1 34. b4 a5 35. a3 Rc3 36. Rb2 axb4 37. axb4 Ne5 38. g3 Nd3 39. Rb1 Rc4 40. Ne3 Re4 41. c6 Re8 42. b5 Rc8 43. b6 1-0

[Event "Mitropa Cup Women 2019"]
[Site "Radenci"]
[Date "2019.05.30"]
[Round "4.15"]
[White "Sankova, Stella"]
[Black "Koubova, Anna Marie"]
[Result "1/2-1/2"]
[ECO "B23"]
[WhiteElo "2013"]
[BlackElo "1975"]
[Annotator "NA"]
[PlyCount "61"]
[EventDate "2019.05.27"]
[EventType "team-tourn"]
[EventCountry "SLO"]
[SourceTitle "playchess.com"]
[Source "ChessBase"]
[SourceQuality "1"]
[WhiteTeam "Slovakia"]
[BlackTeam "Czech Republic"]
[WhiteTeamCountry "SVK"]
[BlackTeamCountry "CZE"]
[TimeControl "40/5400+30:1800+30"]

1. e4 c5 2. Nc3 d6 3. f4 g6 4. Nf3 Bg7 5. Bb5+ Bd7 6. Bc4 Nc6 7. O-O e6 8. f5 Nf6 9. d3 O-O 10. Bf4 d5 11. fxe6 dxc4 12. exd7 Nxd7 13. dxc4 Nde5 14. Nxe5 Nxe5 15. Bxe5 Bxe5 16. Qe2 Bxc3 17. bxc3 Qc7 18. Rad1 Rae8 19. Qf3 Re5 20. Rd5 Rfe8 21. Qf2 b6 22. Rfd1 Rxe4 23. Rd7 Re1+ 24. Rxe1 Rxe1+ 25. Qxe1 Qxd7 26. h3 Qa4 27. Qe4 Qxa2 28. Qe8+ Kg7 29. Qe5+ Kg8 30. Qe8+ Kg7 31. Qe5+ 1/2-1/2

[Event "Mitropa Cup Women 2019"]
[Site "Radenci"]
[Date "2019.05.30"]
[Round "4.16"]
[White "Pribylova, Sofie"]
[Black "Milcova, Zuzana"]
[Result "1/2-1/2"]
[ECO "B17"]
[WhiteElo "2069"]
[BlackElo "2093"]
[Annotator "NA"]
[PlyCount "84"]
[EventDate "2019.05.27"]
[EventType "team-tourn"]
[EventCountry "SLO"]
[SourceTitle "playchess.com"]
[Source "ChessBase"]
[SourceQuality "1"]
[WhiteTeam "Czech Republic"]
[BlackTeam "Slovakia"]
[WhiteTeamCountry "CZE"]
[BlackTeamCountry "SVK"]
[TimeControl "40/5400+30:1800+30"]

1. e4 c6 2. d4 d5 3. Nd2 dxe4 4. Nxe4 Nd7 5. Ng5 e6 6. N1f3 {[%emt 0:01:14] B17: Caro-Kann: Modern Line (4...Nd7)} h6 7. Ne4 Ngf6 8. Bd3 Nxe4 9. Bxe4 Nf6 10. Bd3 Bd6 11. O-O (11. Bd2 Qc7 12. Qe2 b6 13. O-O-O Bb7 14. Ne5 O-O-O 15. Rhe1 c5 16. dxc5 Bxe5 17. Qxe5 Qxe5 18. Rxe5 Nd7 19. Re3 Nxc5 20. Be2 Ne4 21. Be1 Rxd1+ 22. Bxd1 {1-0 (66) Ivanchuk,V (2726)-Adly,A (2596) Baku 2015}) 11... O-O 12. b3 b6 13. Bb2 Bb7 14. Qe2 a5 $146 ({Predecessor:} 14... c5 15. dxc5 Bxc5 16. Rad1 Qe7 17. c4 Rad8 18. Ne5 Ba8 {0-1 (46) Ulybin,M (2560)-Bartels,H (2335) Heraklio 1993}) 15. a4 Qc8 16. Ne5 c5 17. Ng4 Nxg4 18. Qxg4 f5 19. Qe2 cxd4 20. Bxd4 $11 e5 21. Bxe5 Bxe5 22. Qxe5 Qc6 23. f3 Rae8 24. Qd4 Qg6 25. Qf2 Re7 26. Bb5 Rd8 27. Rad1 Rxd1 28. Rxd1 Qf6 29. Qg3 f4 30. Bc4+ Kh7 31. Bd3+ g6 32. Qf2 Re3 33. Bb5 Bc6 34. Bxc6 Qxc6 35. Qd2 Qc5 36. Kf1 h5 37. Qf2 Qc3 38. Rd7+ Kh6 39. Qd2 Qa1+ 40. Qd1 Qe5 41. Kf2 Qc5 42. Kf1 Qb4 1/2-1/2

[Event "Mitropa Cup Women 2019"]
[Site "Radenci"]
[Date "2019.05.31"]
[Round "5.1"]
[White "Medic, Mirjana"]
[Black "Motycakova, Monika"]
[Result "1/2-1/2"]
[ECO "D46"]
[WhiteElo "2253"]
[BlackElo "2150"]
[Annotator "ChessBase"]
[PlyCount "84"]
[EventDate "2019.05.27"]
[EventType "team-tourn"]
[EventCountry "SLO"]
[SourceTitle "playchess.com"]
[Source "ChessBase"]
[SourceQuality "1"]
[WhiteTeam "Croatia"]
[BlackTeam "Slovakia"]
[WhiteTeamCountry "CRO"]
[BlackTeamCountry "SVK"]
[TimeControl "40/5400+30:1800+30"]

1. d4 d5 2. c4 c6 3. Nf3 Nf6 4. Nc3 e6 5. e3 Nbd7 6. Qc2 Bd6 7. Bd3 O-O 8. O-O dxc4 9. Bxc4 b5 10. Be2 Bb7 11. Rd1 Qe7 12. e4 e5 13. dxe5 Nxe5 14. g3 Nxf3+ 15. Bxf3 Rfe8 16. Be3 a6 17. Ne2 Rad8 18. Nd4 Qc7 19. Nf5 Be5 20. Bc5 g6 21. Nh6+ Kg7 22. Ng4 Nxg4 23. Bxg4 Bc8 24. Bxc8 Qxc8 25. Rac1 Rxd1+ 26. Rxd1 Rd8 27. Rc1 Bd4 28. Kg2 Bxc5 29. Qxc5 Qe6 30. Qxc6 Qxa2 31. Qc3+ Kg8 32. Qf6 Re8 33. Rc6 a5 34. Qd4 Qb1 35. e5 b4 36. e6 Qf5 37. exf7+ Qxf7 38. Rd6 Qb7+ 39. Kh3 Qe4 40. Qd2 Qf5+ 41. Kg2 Qe4+ 42. Kh3 Qf5+ 1/2-1/2

[Event "Mitropa Cup Women 2019"]
[Site "Radenci"]
[Date "2019.05.31"]
[Round "5.2"]
[White "Ferkova, Dominika"]
[Black "Cvitan, Ena"]
[Result "1-0"]
[ECO "E55"]
[WhiteElo "2037"]
[BlackElo "2132"]
[Annotator "ChessBase"]
[PlyCount "95"]
[EventDate "2019.05.27"]
[EventType "team-tourn"]
[EventCountry "SLO"]
[SourceTitle "playchess.com"]
[Source "ChessBase"]
[SourceQuality "1"]
[WhiteTeam "Slovakia"]
[BlackTeam "Croatia"]
[WhiteTeamCountry "SVK"]
[BlackTeamCountry "CRO"]
[TimeControl "40/5400+30:1800+30"]

1. d4 Nf6 2. c4 e6 3. Nc3 Bb4 4. e3 O-O 5. Bd3 d5 6. Nf3 dxc4 7. Bxc4 b6 8. O-O Bb7 9. a3 Bxc3 10. bxc3 Nbd7 11. a4 c5 12. Ba3 Qc7 13. h3 Rfe8 14. Rc1 Rad8 15. Qe2 Ne4 16. Rfd1 e5 17. Bb5 Bc6 18. Bxc6 Qxc6 19. Qc2 Nd6 20. d5 Qc8 21. e4 Nf6 22. Nd2 Nh5 23. c4 Nf4 24. Nf1 Qd7 25. Ng3 Qe7 26. Kh2 Qg5 27. Rg1 h5 28. Rce1 h4 29. Nf1 f5 30. exf5 Nxf5 31. Bc1 Nd4 32. Qe4 Qh5 33. Nd2 g5 34. Nf3 Nxf3+ 35. Qxf3 Qxf3 36. gxf3 Nd3 37. Rxg5+ Kf7 38. Rd1 Nxc1 39. Rxc1 e4 40. Rcg1 Kf6 41. R5g4 exf3 42. Rxh4 Re2 43. Rf4+ Ke5 44. Rxf3 Ra2 45. Rg5+ Ke4 46. Kg3 Rxa4 47. Re3+ Kd4 48. Rg4# 1-0

[Event "Mitropa Cup Women 2019"]
[Site "Radenci"]
[Date "2019.05.31"]
[Round "5.3"]
[White "Blazeka, Mihaela"]
[Black "Sankova, Stella"]
[Result "1-0"]
[ECO "B20"]
[WhiteElo "2118"]
[BlackElo "2013"]
[Annotator "ChessBase"]
[PlyCount "67"]
[EventDate "2019.05.27"]
[EventType "team-tourn"]
[EventCountry "SLO"]
[SourceTitle "playchess.com"]
[Source "ChessBase"]
[SourceQuality "1"]
[WhiteTeam "Croatia"]
[BlackTeam "Slovakia"]
[WhiteTeamCountry "CRO"]
[BlackTeamCountry "SVK"]
[TimeControl "40/5400+30:1800+30"]

1. e4 c5 2. Ne2 d6 3. g3 Nc6 4. Bg2 Nf6 5. c3 d5 6. exd5 Nxd5 7. d4 e6 8. O-O Be7 9. dxc5 Bxc5 10. Nd2 O-O 11. Ne4 Be7 12. c4 Ndb4 13. Bd2 e5 14. a3 Nd3 15. Qc2 Bg4 16. Be3 f5 17. Rad1 fxe4 18. Bxe4 Ndb4 19. axb4 Qe8 20. Bxh7+ Kh8 21. Rd2 Nxb4 22. Qg6 Qc8 23. Bh6 Bf6 24. f3 Qc5+ 25. Kg2 gxh6 26. fxg4 Qe3 27. Rd6 Qxe2+ 28. Rf2 Qxc4 29. Rdxf6 Rxf6 30. Rxf6 Qd5+ 31. Kh3 Qd2 32. Rf5 Rd8 33. Rh5 Rd6 34. Qg8# 1-0

[Event "Mitropa Cup Women 2019"]
[Site "Radenci"]
[Date "2019.05.31"]
[Round "5.4"]
[White "Milcova, Zuzana"]
[Black "Spiranec, Noemi"]
[Result "1/2-1/2"]
[ECO "C45"]
[WhiteElo "2093"]
[BlackElo "2009"]
[Annotator "NA"]
[PlyCount "99"]
[EventDate "2019.05.27"]
[EventType "team-tourn"]
[EventCountry "SLO"]
[SourceTitle "playchess.com"]
[Source "ChessBase"]
[SourceQuality "1"]
[WhiteTeam "Slovakia"]
[BlackTeam "Croatia"]
[WhiteTeamCountry "SVK"]
[BlackTeamCountry "CRO"]
[TimeControl "40/5400+30:1800+30"]

1. e4 e5 2. Nf3 Nc6 3. d4 exd4 4. Nxd4 Nf6 5. Nxc6 bxc6 $11 6. Nd2 d5 7. exd5 cxd5 8. Bb5+ Bd7 9. Qe2+ Be7 10. O-O O-O 11. Bxd7 Qxd7 12. b3 Rfe8 13. Qf3 Ne4 14. Nxe4 dxe4 15. Qe2 Bf6 16. Rb1 Rad8 17. Be3 Be5 18. Rbd1 Qe7 19. Rxd8 Rxd8 20. Rd1 Re8 21. Qg4 Bd6 22. Rd5 c6 23. Rd1 g6 24. g3 f5 25. Qe2 Qe6 26. Qc4 Qxc4 27. bxc4 Bb8 28. Rd7 a6 29. Bd4 Be5 30. c3 g5 31. Ra7 c5 32. Bxe5 Rxe5 33. Rxa6 f4 34. Rd6 e3 35. fxe3 fxg3 36. hxg3 Rxe3 37. Rd5 Rxg3+ 38. Kf2 Rxc3 39. Rxg5+ Kf7 40. Rxc5 Rc2+ 41. Ke3 Rxa2 42. Rb5 Ke6 43. Rh5 Kd6 44. Kd4 Rd2+ 45. Kc3 Rg2 46. Rxh7 Kc5 47. Rh5+ Kc6 48. Rf5 Rg1 49. Kb4 Rb1+ 50. Kc3 1/2-1/2

[Event "Mitropa Cup Women 2019"]
[Site "Radenci"]
[Date "2019.05.31"]
[Round "5.5"]
[White "Navrotescu, Andreea-Cristiana"]
[Black "Havanecz, Bianka"]
[Result "1/2-1/2"]
[ECO "A07"]
[WhiteElo "2233"]
[BlackElo "2279"]
[Annotator "ChessBase"]
[PlyCount "62"]
[EventDate "2019.05.27"]
[EventType "team-tourn"]
[EventCountry "SLO"]
[SourceTitle "playchess.com"]
[Source "ChessBase"]
[SourceQuality "1"]
[WhiteTeam "France"]
[BlackTeam "Hungary"]
[WhiteTeamCountry "FRA"]
[BlackTeamCountry "HUN"]
[TimeControl "40/5400+30:1800+30"]

1. Nf3 Nf6 2. b3 d5 3. Bb2 Bf5 4. g3 e6 5. Bg2 h6 6. O-O Be7 7. d3 O-O 8. Nbd2 Bh7 9. Re1 c5 10. e4 Nc6 11. exd5 Nxd5 12. Nc4 Rc8 13. Nce5 Nxe5 14. Nxe5 b6 15. f4 Bf6 16. a3 Qc7 17. Qf3 b5 18. c4 bxc4 19. dxc4 Ne7 20. g4 Rcd8 21. Qf2 Rb8 22. Re3 Ng6 23. Nxg6 Bxb2 24. Qxb2 Bxg6 25. Rf1 Qd7 26. Qe5 Bc2 27. Rc3 Qd2 28. Rf2 Qd1+ 29. Rf1 Qd2 30. Rf2 Qd1+ 31. Rf1 Qd2 1/2-1/2

[Event "Mitropa Cup Women 2019"]
[Site "Radenci"]
[Date "2019.05.31"]
[Round "5.6"]
[White "Juhasz, Barbara"]
[Black "Afraoui, Anaelle"]
[Result "1/2-1/2"]
[ECO "B66"]
[WhiteElo "2207"]
[BlackElo "2068"]
[Annotator "ChessBase"]
[PlyCount "88"]
[EventDate "2019.05.27"]
[EventType "team-tourn"]
[EventCountry "SLO"]
[SourceTitle "playchess.com"]
[Source "ChessBase"]
[SourceQuality "1"]
[WhiteTeam "Hungary"]
[BlackTeam "France"]
[WhiteTeamCountry "HUN"]
[BlackTeamCountry "FRA"]
[TimeControl "40/5400+30:1800+30"]

1. e4 c5 2. Nf3 Nc6 3. Nc3 d6 4. d4 cxd4 5. Nxd4 Nf6 6. Bg5 e6 7. Qd2 a6 8. f3 h6 9. Be3 Nxd4 10. Bxd4 e5 11. Be3 Be6 12. Be2 Be7 13. O-O-O b5 14. Kb1 Rb8 15. Nd5 Nxd5 16. exd5 Bd7 17. f4 O-O 18. fxe5 dxe5 19. g4 Bg5 20. h4 Bxh4 21. Bxh6 gxh6 22. Qxh6 Rb6 23. Qh5 Kg7 24. Rxh4 Rh8 25. Qxe5+ Qf6 26. Qxf6+ Rxf6 27. Rxh8 Kxh8 28. Kc1 Rf2 29. Kd2 Bxg4 30. Rh1+ Kg7 31. Rg1 f5 32. Kd3 Rxe2 33. Rxg4+ fxg4 34. Kxe2 Kf6 35. Kf2 Ke5 36. d6 Kxd6 37. Kg3 Ke5 38. Kxg4 Ke4 39. Kg5 Ke3 40. Kf5 Kd2 41. c4 bxc4 42. Ke4 Kc2 43. Kd4 Kxb2 44. Kxc4 Kxa2 1/2-1/2

[Event "Mitropa Cup Women 2019"]
[Site "Radenci"]
[Date "2019.05.31"]
[Round "5.7"]
[White "Choisy, Mathilde"]
[Black "Varga, Klara"]
[Result "1-0"]
[ECO "C03"]
[WhiteElo "2113"]
[BlackElo "2146"]
[Annotator "ChessBase"]
[PlyCount "51"]
[EventDate "2019.05.27"]
[EventType "team-tourn"]
[EventCountry "SLO"]
[SourceTitle "playchess.com"]
[Source "ChessBase"]
[SourceQuality "1"]
[WhiteTeam "France"]
[BlackTeam "Hungary"]
[WhiteTeamCountry "FRA"]
[BlackTeamCountry "HUN"]
[TimeControl "40/5400+30:1800+30"]

1. e4 e6 2. d4 d5 3. Nd2 Be7 4. Ngf3 Nf6 5. e5 Nfd7 6. Bd3 c5 7. c3 b6 8. Ne4 Ba6 9. Bxa6 Nxa6 10. Nd6+ Bxd6 11. exd6 O-O 12. Bg5 Nf6 13. Ne5 Qxd6 14. Bxf6 gxf6 15. Qg4+ Kh8 16. Qf4 Qe7 17. Nc6 e5 18. Nxe7 exf4 19. O-O-O Rfe8 20. Nxd5 Rad8 21. dxc5 f3 22. gxf3 Nxc5 23. Nxf6 Rxd1+ 24. Rxd1 Re2 25. Rg1 Nd3+ 26. Kd1 1-0

[Event "Mitropa Cup Women 2019"]
[Site "Radenci"]
[Date "2019.05.31"]
[Round "5.8"]
[White "Kovacs, Judit"]
[Black "Djidjeli, Sarah"]
[Result "1-0"]
[ECO "A16"]
[WhiteElo "2025"]
[BlackElo "2012"]
[Annotator "NA"]
[PlyCount "87"]
[EventDate "2019.05.27"]
[EventType "team-tourn"]
[EventCountry "SLO"]
[SourceTitle "playchess.com"]
[Source "ChessBase"]
[SourceQuality "1"]
[WhiteTeam "Hungary"]
[BlackTeam "France"]
[WhiteTeamCountry "HUN"]
[BlackTeamCountry "FRA"]
[TimeControl "40/5400+30:1800+30"]

1. Nf3 Nf6 2. c4 g6 3. Nc3 Bg7 4. e4 e5 5. g3 Nc6 6. Bg2 d6 7. h3 O-O 8. O-O Nd7 9. d3 Nc5 $11 10. Rb1 a5 11. a3 f5 12. b4 axb4 13. axb4 Ne6 14. b5 Ncd4 15. Nxd4 Nxd4 16. exf5 gxf5 17. f4 Kh8 18. Ne2 Ne6 19. Bb2 c6 20. bxc6 bxc6 21. Kh2 Qe8 22. Bc3 Bd7 23. Bb4 Qe7 24. fxe5 Bxe5 25. d4 Bg7 26. Re1 Ng5 27. Nf4 Ne4 28. Qh5 Be8 29. Qd1 c5 30. dxc5 dxc5 31. Bd2 Bf7 32. Qc2 Rfe8 33. Nd5 Bxd5 34. cxd5 Qe5 35. Bxe4 fxe4 36. Qxc5 Ra2 37. Qe3 Qd4 38. Rbd1 Qxe3 39. Rxe3 Bh6 40. Re2 e3 41. Bc3+ Kg8 42. Rxa2 e2 43. Re1 Rc8 44. Be5 1-0

[Event "Mitropa Cup Women 2019"]
[Site "Radenci"]
[Date "2019.05.31"]
[Round "5.9"]
[White "Unuk, Laura"]
[Black "Gueci, Tea"]
[Result "1/2-1/2"]
[ECO "A67"]
[WhiteElo "2265"]
[BlackElo "2251"]
[Annotator "ChessBase"]
[PlyCount "134"]
[EventDate "2019.05.27"]
[EventType "team-tourn"]
[EventCountry "SLO"]
[SourceTitle "playchess.com"]
[Source "ChessBase"]
[SourceQuality "1"]
[WhiteTeam "Slovenia"]
[BlackTeam "Italy"]
[WhiteTeamCountry "SLO"]
[BlackTeamCountry "ITA"]
[TimeControl "40/5400+30:1800+30"]

1. d4 Nf6 2. c4 c5 3. d5 e6 4. Nc3 exd5 5. cxd5 d6 6. e4 g6 7. f4 Bg7 8. Bb5+ Nfd7 9. Bd3 Qh4+ 10. g3 Qe7 11. Nf3 O-O 12. O-O Na6 13. Re1 f6 14. Be3 Nc7 15. a4 a6 16. Rb1 a5 17. h4 Na6 18. h5 Nb4 19. Bf1 Nb6 20. hxg6 hxg6 21. Nh4 Qf7 22. Be2 f5 23. Bf3 Nc4 24. Bc1 Bf6 25. Qe2 fxe4 26. Nxe4 Bxh4 27. gxh4 Ne5 28. fxe5 Qxf3 29. Qxf3 Rxf3 30. e6 Nxd5 31. Nxd6 Rf6 32. Nxc8 Rxc8 33. Bg5 Rf5 34. Rbd1 Re8 35. Re2 Nc7 36. Rd6 Nd5 37. Kh2 Nf4 38. Re4 Nh5 39. e7 Kf7 40. Ree6 Rf2+ 41. Kg1 Rxb2 42. Rxg6 Rb1+ 43. Kf2 Rd1 44. Rb6 c4 45. Rh6 Ng7 46. Rbf6+ Kg8 47. Rf8+ Rxf8+ 48. exf8=Q+ Kxf8 49. Rh8+ Kf7 50. Rc8 Ne6 51. Be3 Rb1 52. h5 Rh1 53. h6 Rh5 54. Rb8 c3 55. Rxb7+ Kg6 56. Rb6 Kf7 57. Ke2 c2 58. Kd3 Nc5+ 59. Kxc2 Nxa4 60. Rc6 Rh2+ 61. Kb3 Rh3 62. Rc7+ Kf6 63. Kxa4 Rxe3 64. h7 Rh3 65. Kxa5 Kg6 66. Kb5 Rxh7 67. Rxh7 Kxh7 1/2-1/2